 Dungeon Crawl Stone Soup version 0.31-a0-846-gb3bcc0d938 (webtiles) character file.

Game seed: 16074200293422865836

270 CowFu the Shooter (level 6, -6/48 HPs)
             Began as a Draconian Hunter on Oct 4, 2023.
             Mangled by an ogre
             ... wielding a +0 giant club
              (18 damage)
             ... on level 3 of the Dungeon.
             The game lasted 00:02:39 (2842 turns).

CowFu the Shooter (Draconian Hunter)                Turns: 2842, Time: 00:02:40

Health: -6/48      AC:  9    Str: 14    XL:     6   Next: 1%
Magic:  0/15       EV: 12    Int:  9    God:
Gold:   240        SH:  0    Dex: 16    Spells: 5/5 levels left

rFire   . . .        a - +0 shortbow
rCold   . . .        (shield currently unavailable)
rNeg    . . .        (body armour unavailable)
rPois   .            (helmet restricted)
rElec   .            (no cloak)
rCorr   .            s - +2 pair of gloves
SInv    .            (no boots)
Will    .....        i - amulet of guardian spirit
Stlth   ++           l - ring of magical power
HPRegen 0.28/turn    (no ring)
MPRegen 0.14/turn

%: guardian spirit
@: no status effects
A: AC +6, unfitting armour, cold-blooded
a: no special abilities


You were on level 3 of the Dungeon.
You visited 1 branch of the dungeon, and saw 4 of its levels.

You collected 240 gold pieces.

Inventory:

Hand Weapons
 a - a +0 shortbow (weapon)
Armour
 s - a +2 pair of gloves (worn)
Jewellery
 i - an amulet of guardian spirit (around neck)
 j - an amulet of regeneration
 l - a ring of magical power (left hand)
 q - a +6 ring of intelligence
 r - a ring of see invisible
Scrolls
 b - a scroll of butterflies
 c - a scroll of noise {unknown}
 f - a scroll of vulnerability {unknown}
 g - 6 scrolls of identify {unknown}
 m - a scroll of torment {unknown}
 p - a scroll of enchant weapon {unknown}
Potions
 d - 4 potions of curing {unknown}
 e - a potion of degeneration {unknown}
 h - a potion of invisibility {unknown}
 k - a potion of brilliance {unknown}
 n - a potion of haste {unknown}
 o - a potion of lignification {unknown}


   Skills:
 - Level 2.1 Fighting
 + Level 6.7 Ranged Weapons
 - Level 1.7 Dodging
 - Level 0.8 Stealth


You had 5 spell levels left.
You didn't know any spells.
Your spell library contained the following spells:

 Spells                   Type           Power      Damage    Failure   Level
 Summon Guardian Golem    Hex/Summ       0%         N/A       77%         3
 Orb of Destruction       Conj           0%         9d5       100%        7
 Spellforged Servitor     Conj/Summ      0%         N/A       100%        7


Dungeon Overview and Level Annotations

Branches:
Dungeon (4/15)             Temple (0/1) D:4

Altars:
Cheibriados
Trog
Uskayaw


Innate Abilities, Weirdness & Mutations

Your plain brown scales are hard. (AC +6)
You cannot fit into any form of body armour.
You are cold-blooded and may be slowed by cold attacks.


Message History

The orc attacks as it pursues you! The orc hits you but does no damage.
The orc hits you but does no damage.
The gnoll is no longer moving quickly.
The orc attacks as it pursues you! The orc hits you but does no damage.
Your attacks no longer feel as feeble.
The gnoll bouda barks out a call to the hunt!
The gnoll picks up the pace!
There is a stone staircase leading up here.
You climb upwards.
There is a stone staircase leading down here.
Magic restored.
HP restored.
Done exploring.
You climb downwards.
The gnoll bouda barks out a call to the hunt!
The gnoll picks up the pace!
The wight hits you but does no damage. The ogre closely misses you.
The orc hits you but does no damage.
The wight hits you with a +1 morningstar!
The orc barely misses you.
The gnoll hits you from afar with a +0 spear.
There is a stone staircase leading up, spattered with blood here.
The ogre hits you with a +0 giant club! The wight closely misses you.
The orc barely misses you.
You climb upwards.
There is a stone staircase leading down here.
You shoot an arrow. The arrow hits the ogre!
The ogre is moderately wounded.
The wight hits you with a +1 morningstar.
The ogre hits you with a +0 giant club!!
* * * LOW HITPOINT WARNING * * *
The orc barely misses you.
You are too injured to fight recklessly!
You are too injured to fight recklessly!
The wight attacks as it pursues you! The wight misses you.
The orc attacks as it pursues you! The orc hits you with a +0 hand axe.
* * * LOW HITPOINT WARNING * * *
The ogre attacks as it pursues you!
The ogre hits you with a +0 giant club!!
You die...

##.#.##....#...........#...#.
#####....##......#.######.###.##.
.........##..##.##.# #.# #....
#####...###.....##.# #.# ####.
######.####.##..##.# #.# #.
##.....###.#)#..##.## ##.######.
#...##....###.zo#...# #.........
).#)..######.#.##.#^####..#######
#...###≈.≈#..#.O@.#...##..# ##.##
#._.#..#..#####.....## #.#
#...#..##............###### #.#
#≈.≈#..###)#########....... #.#
#≈§≈#..# #.#.......#.###### #.#
#≈§≈#..# #.#.......#.# #.#
#.§.#..# #.#.......#.# #.#
##...#..###....._.....# #.#
#........#..#.......#.######


You could see an ogre.

Vanquished Creatures
  An orc priest (D:3)
  An orc wizard (D:3)
  7 adders
  5 gnolls
  3 worms (D:2)
  2 dart slugs
  8 orcs
  11 endoplasms
  5 giant cockroaches
  8 goblins
  4 hobgoblins
  5 kobolds
  4 quokkas
  7 ball pythons
  5 bats
  3 frilled lizards
  7 rats
86 creatures vanquished.

Notes
Turn   | Place    | Note
-------+----------+-------------------------------------------
     0 | D:1      | CowFu the Draconian Hunter began the quest for the Orb.
     0 | D:1      | Reached XP level 1. HP: 17/17 MP: 1/1
   196 | D:1      | Reached skill level 4 in Ranged Weapons
   196 | D:1      | Reached XP level 2. HP: 24/24 MP: 2/2
   725 | D:2      | Reached XP level 3. HP: 29/29 MP: 3/3
   826 | D:1      | HP: 1/29 [rat (3)]
   827 | D:1      | Reached skill level 5 in Ranged Weapons
   961 | D:1      | Reached XP level 4. HP: 9/36 MP: 4/4
  1562 | D:3      | Reached XP level 5. HP: 41/41 MP: 5/5
  1744 | D:3      | Reached skill level 6 in Ranged Weapons
  1797 | D:3      | Found a snail-covered altar of Cheibriados.
  1820 | D:3      | Found a bloodstained altar of Trog.
  2659 | D:4      | Noticed a +0 hand axe
  2660 | D:4      | Noticed a +0 dagger
  2663 | D:4      | Found a hide-covered altar of Uskayaw.
  2704 | D:4      | Found a staircase to the Ecumenical Temple.
  2709 | D:4      | Noticed an ogre
  2715 | D:4      | Reached XP level 6. HP: 39/48 MP: 6/6
  2842 | D:3      | Mangled by an ogre

Illustrated notes

Levels and vault maps discovered:
D:1:      dpeg_arrival_more_subterranean_lakeside_camping, layout_loops_ring,
          minmay_misc_feat_four_crosses, chequers_serial_rivers_micro_b,
          chequers_serial_rivers_small_a
D:2:      layout_rooms, minmay_split_cup_small
D:3:      layout_loops_ring, pf_just_have_faith, lemuel_tele_altar
D:4:      layout_rooms, dancing_weapons_uskayaw, minmay_temple_entry_large_hall,
          gammafunk_ghost_cemetery

Skill      XL: |  1  2  3  4  5 |
---------------+----------------+-----
Ranged Weapons | 4 5 6 |  6.7
Fighting       | |  2.1
Dodging        | |  1.7
Stealth        | |  0.8

Action                     |  1- 3 |  4- 6 || total
---------------------------+-------+-------++-------
   Fire: Shortbow          |   110 |   168 ||   278
 Armour: Skin              |    41 |    74 ||   115
  Dodge: Dodged            |    51 |    38 ||    89

Table legend: (Time is in decaauts)
 A = Elapsed time spent in this place.
 B = Non-inter-level travel time spent in this place.
 C = Inter-level travel time spent in this place.
 D = Time resting spent in this place.
 E = Time spent auto-exploring this place.
 F = Levels seen in this place.
 G = Mean time per level.
                   A        B        C        D        E       F      G
               +--------+--------+--------+--------+--------+-----+--------+
         Total |   2884 |   2816 |     68 |      0 |   2248 |   4 |  721.0 |
       Dungeon |   2884 |   2816 |     68 |      0 |   2248 |   4 |  721.0 |
               +--------+--------+--------+--------+--------+-----+--------+

Top non-repeatable levels by time:
     D:1: 1044 daAuts
     D:3: 1042 daAuts
     D:2: 530 daAuts
     D:4: 267 daAuts
